 Dungeon Crawl Stone Soup version 0.27-a0-346-ga689d4a613 (webtiles) character file.

Game seed: 7000239660107468206

1 rednaxela the Ducker (level 1, 0/10 HPs)
             Began as a Felid Chaos Knight on Feb 15, 2021.
             Was a Plaything of Xom.
             Slain by an adder (3 damage)
             ... on level 1 of the Dungeon.
             The game lasted 00:01:05 (125 turns).

rednaxela the Ducker (Felid Chaos Knight)            Turns: 125, Time: 00:01:06

Health: 0/10       AC:  1    Str:  8    XL:     1   Next: 16%
Magic:  2/2        EV: 18    Int: 13    God:    Xom [..*...]
Gold:   15         SH:  0    Dex: 15    Spells: 0/0 levels left
                                        Lives:  0   Deaths: 0

rFire    . . .     SeeInvis +     - Unarmed
rCold    . . .     Faith    .   (shield unavailable)
rNeg     . . .     Spirit   .   (armour unavailable)
rPois    .         Reflect  .   (helmet unavailable)
rElec    .         Harm     .   (cloak unavailable)
rCorr    .         Rampage  .   (gloves unavailable)
Will     .....                  (boots unavailable)
Stlth    ++........             (no amulet)
HPRegen  0.03/turn              (no ring)
MPRegen  0.08/turn              (no ring)

@: quick
A: very small, no armour, no weapons or thrown items, stealth, claws 1, fangs 3,
see invisible, speed 1, shaggy fur 1, sharp paws
a: Renounce Religion


You were on level 1 of the Dungeon.
You worshipped Xom.
You were a toy of Xom.
You visited 1 branch of the dungeon, and saw 2 of its levels.

You collected 15 gold pieces.

Inventory:

Potions
 a - 2 potions of ambrosia {unknown}


   Skills:
 - Level 3.0 Fighting
 + Level 3.2 Dodging
 * Level 3.0 Unarmed Combat


You couldn't memorise any spells.
You didn't know any spells.
Your spell library was empty.

Dungeon Overview and Level Annotations

Branches:
Dungeon (2/15)

Altars:


Innate Abilities, Weirdness & Mutations

You cannot wear armour.
You are incapable of wielding weapons or throwing items.
Your paws allow you to move quietly. (Stealth)
You have sharp claws.
You have razor-sharp teeth.
You have supernaturally acute eyesight. (SInv)
You cover ground quickly.
You are covered in fur. (AC +1)
Your sharp claws are effective at attacking unaware monsters.


Message History

Your eyebrows wriggle.
There is a stone staircase leading down here.
You climb downwards.
A goblin comes into view.
There is a stone staircase leading up here.
You pounce on the unaware helpless goblin!
You scratch the goblin.
You kill the goblin!
There is a stone staircase leading up here.
You climb upwards.
There is a stone staircase leading down here.
a - 2 bubbling brown potions
There is a stone staircase leading down here.
You climb downwards.
An adder and a goblin come into view.
The adder hisses angrily.
Found a scroll labelled MIBBE XOASIN.
There is a stone staircase leading up here.
The adder bites you.
You climb upwards.
There is a stone staircase leading down here.
You closely miss the adder. You bite the adder.
The adder is moderately wounded.
The adder barely misses you.
You closely miss the adder.
The adder is moderately wounded.
The adder misses you. The adder barely misses you.
You scratch the adder.
The adder is severely wounded.
The adder bites you but does no damage.
You closely miss the adder.
The adder is severely wounded.
The adder bites you.
Ouch! That really hurt!
* * * LOW HITPOINT WARNING * * *
You are too injured to fight recklessly!
You scratch the adder. Your bite misses the adder.
The adder is almost dead.
The adder bites you.
You die...

≈≈# # #≈≈
. .#≈≈# .#
## #≈≈≈
#.#
#.##.≈#
... #.#.≈
#.#
#..##.#
#@S.#
####.####
##
#.......#
######.
#.##>####
##......
#.##.#
##...##..
#.##.## #
#..###...
#.##..# .#
#.###..##
#.#...#..#
#.....###
#........#
#..####


You could see an adder.

Vanquished Creatures
  A goblin (D:2)
1 creature vanquished.

Notes
Turn   | Place    | Note
-------+----------+-------------------------------------------
     0 | D:1      | rednaxela the Felid Chaos Knight began the quest for the
                  | Orb.
     0 | D:1      | Reached XP level 1. HP: 10/10 MP: 2/2
    18 | D:1      | XOM: silly message
    61 | D:2      | XOM: noise
    95 | D:1      | XOM: silly message
   125 | D:1      | Slain by an adder

Illustrated notes

Levels and vault maps discovered:
D:1:      dpeg_arrival_round_c, layout_loops_corners, chequers_jeans,
          minmay_misc_feat_five, skrybe_limestone_x, kennysheep_nondescript,
          chequers_serial_rivers_large_b
D:2:      layout_loops_ring, lemuel_coloured_pillars_altar,
          dancing_weapons_uskayaw

Action                   || total
-------------------------++-------
Melee: Unarmed           ||     6
       Bite              ||     1
 Stab: Sleeping          ||     1
Armor: Skin              ||     1
Dodge: Dodged            ||     3

Table legend: (Time is in decaauts)
 A = Elapsed time spent in this place.
 B = Non-inter-level travel time spent in this place.
 C = Inter-level travel time spent in this place.
 D = Time resting spent in this place.
 E = Time spent auto-exploring this place.
 F = Levels seen in this place.
 G = Mean time per level.
                   A        B        C        D        E       F      G
               +--------+--------+--------+--------+--------+-----+--------+
         Total |    106 |    106 |      0 |      0 |      4 |   2 |   53.0 |
       Dungeon |    106 |    106 |      0 |      0 |      4 |   2 |   53.0 |
               +--------+--------+--------+--------+--------+-----+--------+

Top non-repeatable levels by time:
     D:1: 94 daAuts
     D:2: 11 daAuts
